 Dungeon Crawl Stone Soup version 0.31-a0-424-g41b3b0883d (webtiles) character file.

Game seed: 6404898139961617339

46 Ethylacetat the Insei (level 3, -1/24 HPs)
             Began as an Octopode Shapeshifter on July 30, 2023.
             Slain by an ogre
             ... wielding a +0 giant club
              (16 damage)
             ... on level 2 of the Dungeon.
             The game lasted 00:01:37 (795 turns).

Ethylacetat the Insei (Octopode Shapeshifter)        Turns: 795, Time: 00:01:37

Health: -1/24      AC:  1    Str: 14    XL:     3   Next: 68%
Magic:  3/3        EV: 13    Int: 10    God:
Gold:   74         SH:  0    Dex: 14    Spells: 2/2 levels left

rFire   . . .        d - +2 dagger (venom)
rCold   . . .        (no shield)
rNeg    . . .        (helmet currently unavailable)
rPois   .            (no amulet)
rElec   .            (no ring)
rCorr   .            (no ring)
SInv    .            (no ring)
Will    .....        (no ring)
Stlth   ++           (no ring)
HPRegen 0.24/turn    (no ring)
MPRegen 0.08/turn    (no ring)
                     (no ring)

%: no passive effects
@: beast-form
A: beast (slay +2), almost no armour, amphibious, 8 rings, camouflage 1,
gelatinous body 1, (nimble swimmer 1), tentacles
a: Begin Untransformation


You were on level 2 of the Dungeon.
You were a hulking beast.
You visited 1 branch of the dungeon, and saw 2 of its levels.

You collected 74 gold pieces.

Inventory:

Hand Weapons
 d - a +2 dagger of venom (weapon)
Talismans
 b - a beast talisman (active)
 g - a maw talisman
Scrolls
 c - a scroll of revelation {unknown}
 f - a scroll of blinking {unknown}
 h - 2 scrolls of identify {unknown}
 i - a scroll of amnesia {unknown}
 j - a scroll of noise {unknown}
Potions
 a - a potion of lignification
 e - a potion of mutation {unknown}
 k - a potion of curing {unknown}


   Skills:
 + Level 1.9 Fighting
 + Level 2.5 Dodging
 + Level 3.4 Unarmed Combat
 + Level 3.3 Shapeshifting


You had 2 spell levels left.
You didn't know any spells.
Your spell library contained the following spells:

 Spells                   Type           Power      Damage    Failure   Level
 Ozocubu's Armour         Ice            0%         N/A       75%         3
 Ozocubu's Refrigeration  Ice            0%         4d7       100%        7


Dungeon Overview and Level Annotations

Branches:
Dungeon (2/15)

Altars:
Elyvilon


Innate Abilities, Weirdness & Mutations

You are a hulking beast.
Your limbs bulge with bestial killing power. (Slay +2)
You cannot wear most types of armour.
You are amphibious.
You can wear up to eight rings at the same time.
Your skin changes colour to match your surroundings (Stealth+).
Your rubbery body absorbs attacks. (AC +1, EV +1)
((You are camouflaged when in or above water. (Stealth+)))
You have tentacles for arms and can constrict up to eight enemies at once.


Message History

You kill the quokka!
You miss the frilled lizard. Your grab misses the frilled lizard.
The frilled lizard bites you.
You closely miss the frilled lizard. Your grab misses the frilled lizard.
You squeeze the frilled lizard.
You kill the frilled lizard!
No target in view!
You open the large door.
There is a large open door here.
There is a large open door here.
An adder comes into view.
Found 9 gold pieces.
An ogre comes into view. It is wielding a +0 giant club.
Found 4 gold pieces.
The adder hisses angrily.
The adder misses you.
You barely miss the adder. Your grab misses the adder. The adder bites you.
You miss the adder. Your grab misses the adder. The adder bites you.
The adder barely misses you.
You miss the adder. Your grab misses the adder. You squeeze the adder.
The adder is moderately wounded.
The adder bites you.
You hit the adder but do no damage.
The adder is poisoned.
Your grab misses the adder.
The adder is moderately wounded.
The adder bites you.
You hit the adder.
The adder looks as sick as possible!
You grab the adder.
The adder is almost dead.
You constrict the adder.
You kill the adder!
The ogre misses you.
You hit the ogre but do no damage. You puncture the ogre! You squeeze the ogre.
The ogre is moderately wounded.
The ogre completely misses you.
You hit the ogre.
The ogre is heavily wounded.
The ogre hits you with a +0 giant club!
Ouch! That really hurt!
You die...

#.#....###..##...
..####.#....#....##... .
......................
....#####...............
...######.....#.........
........................
.$......................
#...............###.....
#......h...#............
#......†O..#............
#..........#......†.....
........................
.........$#............#
.........##............#
..#####... ...........#
.. .... ...........#
.###..)....#


You could see an ogre.

Vanquished Creatures
  An adder (D:2)
  A dart slug (D:1)
  3 ball pythons (D:1)
  3 endoplasms
  A giant cockroach (D:1)
  4 goblins
  7 hobgoblins
  A quokka (D:2)
  2 bats
  2 frilled lizards
  2 kobolds (D:1)
  4 rats
31 creatures vanquished.

Notes
Turn   | Place    | Note
-------+----------+-------------------------------------------
     0 | D:1      | Ethylacetat the Octopode Shapeshifter began the quest for
                  | the Orb.
     0 | D:1      | Reached XP level 1. HP: 13/13 MP: 1/1
   127 | D:1      | Reached XP level 2. HP: 14/18 MP: 2/2
   350 | D:1      | Reached XP level 3. HP: 16/23 MP: 3/3
   592 | D:2      | Found a white marble altar of Elyvilon.
   785 | D:2      | Noticed an ogre
   795 | D:2      | Slain by an ogre

Illustrated notes

Levels and vault maps discovered:
D:1:      dpeg_arrival_houses_and_road, layout_rooms, serial_bayou,
          serial_bayou_ford_a, serial_bayou_pond_b, serial_bayou_pond_e,
          serial_bayou_pond_a
D:2:      layout_basic, basic_altar, minmay_hexomino_p4, uniq_terence

Action                     || total
---------------------------++-------
  Melee: Dagger            ||    50
         Constrict         ||    13
         Unarmed           ||     3
         Tentacles         ||    12
         Punch             ||     1
   Stab: Sleeping          ||     1
 Armour: Skin              ||     2
  Dodge: Dodged            ||    27

Table legend: (Time is in decaauts)
 A = Elapsed time spent in this place.
 B = Non-inter-level travel time spent in this place.
 C = Inter-level travel time spent in this place.
 D = Time resting spent in this place.
 E = Time spent auto-exploring this place.
 F = Levels seen in this place.
 G = Mean time per level.
                   A        B        C        D        E       F      G
               +--------+--------+--------+--------+--------+-----+--------+
         Total |    794 |    768 |     26 |      0 |    571 |   2 |  397.0 |
       Dungeon |    794 |    768 |     26 |      0 |    571 |   2 |  397.0 |
               +--------+--------+--------+--------+--------+-----+--------+

Top non-repeatable levels by time:
     D:1: 586 daAuts
     D:2: 207 daAuts
